 Dungeon Crawl Stone Soup version 0.31-a0-925-g0a390f2509 (webtiles) character file.

Game seed: 17747811208456778375

3074980 Gladio the Middleweight Champion (level 27, 403/403 HPs)
             Began as a Red Draconian Berserker on Oct 17, 2023.
             Was a High Priest of Trog.
             Escaped with the Orb
             ... and 5 runes on Oct 18, 2023!
             The game lasted 03:25:53 (74414 turns).

Gladio the Middleweight Champion (DrBe)            Turns: 74414, Time: 03:25:53

Health: 403/403    AC: 29    Str: 34    XL:     27
Magic:  20/20      EV: 20    Int:  8    God:    Trog [*****.]
Gold:   5554       SH:  0    Dex: 17    Spells: 26/26 levels left

rFire   + +          +
                       - Unarmed
rCold   + + .        r - melded +5 tower shield {AC+3}
rNeg    + . .        (body armour unavailable)
rPois   +            k - melded +2 hat
rElec   .            H - melded +0 cloak of Nemelex Xobeh, Chewing {Int+2 Slay+6 SInv}
rCorr   .            g - melded +2 pair of gloves
SInv    .            O - melded +2 pair of boots {rampage}
Will    +++..        h - amulet of Ceteapt {Spirit Will+ Regen+} Stlth
                     J - ring of Discretion {rF++ rC+++ rN+ Dex-3 Stlth-}
HPRegen 1.67/turn    y - +4 ring of protection
MPRegen 0.17/turn

%: guardian spirit
@: dragon-form, flying, studying Unarmed Combat
A: dragon claw, dragon scales, flying, boosted hp, breathe fire, AC +13, giant,
unfitting armour, (fire resistance 1), (cold-blooded), (camouflage 1), low MP 1,
sense surroundings 1, screaming 1, (cold vulnerability 1), MP-powered wands
0: Orb of Zot
}: 5/15 runes: decaying, serpentine, slimy, silver, abyssal
a: Breathe Fire, Begin Untransformation, Renounce Religion, Berserk, Trog's
Hand, Brothers in Arms


You escaped.
You worshipped Trog.
Trog was extremely pleased with you.
You were a fearsome fire dragon!
You visited 11 branches of the dungeon, and saw 55 of its levels.
You visited the Abyss 2 times.
You also visited: Trove, Sewer, Bailey and Volcano.

You collected 10121 gold pieces.
You spent 4567 gold pieces at shops.

Inventory:

Missiles
 l - 84 boomerangs
 q - 8 throwing nets
 s - 60 poisoned darts
 F - 23 curare-tipped darts
 N - 41 javelins
Armour
 g - a +2 pair of gloves (melded)
 k - a +2 hat (melded)
 r - a +5 tower shield of protection (melded)
 w - a +2 cloak of preservation
 G - the +2 hat of the Bear Spirit {Spirit, Bear, *Rage Will++}
   (You found it on level 3 of the Snake Pit)

   Bear:      Going berserk makes the wearer exceptionally tough, and they are
   slowed for a shorter time afterward.
   Will++:    It greatly increases your willpower.
   *Rage:     It berserks you when you make melee attacks (+20% chance).
 H - the +0 cloak of Nemelex Xobeh, Chewing (melded) {Int+2 Slay+6 SInv}
   (You found it on level 3 of the Snake Pit)

   Int+2:     It affects your intelligence (+2).
   Slay+6:    It affects your accuracy & damage with ranged weapons and melee
   (+6).
   SInv:      It lets you see invisible.
 O - a +2 pair of boots of rampaging (melded)
Jewellery
 h - the amulet of Ceteapt (around neck) {Spirit Will+ Regen+}
   (You found it in a treasure trove)

   [amulet of guardian spirit]

   Spirit:    It causes incoming damage to be divided between your reserves of
   health and magic.
   Will+:     It increases your willpower.
   Regen+:    It increases your rate of health regeneration.
 m - a +5 ring of evasion
 y - a +4 ring of protection (right foreclaw)
 z - the ring of Cobyss {rElec rF++ rN+ Str+2 Int-4}
   (You found it on level 3 of the Crypt)

   [ring of positive energy]

   Str+2:     It affects your strength (+2).
   Int-4:     It affects your intelligence (-4).
   rF++:      It greatly protects you from fire.
   rElec:     It insulates you from electricity.
   rN+:       It protects you from negative energy.
 D - the amulet "Lorazuih" {Faith rCorr SInv Stlth-}
   (You found it on level 5 of the Pits of Slime)

   [amulet of faith]

   Faith:     It allows you to gain divine favour quickly.
   SInv:      It lets you see invisible.
   rCorr:     It protects you from acid and corrosion.
   Stlth-:    It makes you less stealthy.
 J - the ring of Discretion (left foreclaw) {rF++ rC+++ rN+ Dex-3 Stlth-}
   (You found it on level 3 of the Crypt)

   [ring of positive energy]

   Dex-3:     It affects your dexterity (-3).
   rF++:      It greatly protects you from fire.
   rC+++:     It renders you almost immune to cold.
   rN+:       It protects you from negative energy.
   Stlth-:    It makes you less stealthy.
 K - the ring "Tamnin" {rPois rF+ Will+}
   (You found it in a treasure trove)

   [ring of willpower]

   rF+:       It protects you from fire.
   rPois:     It protects you from poison Will+: It increases your willpower.
 L - the ring "Yxiack" {rPois rF+ rN+ Dex+3}
   (You took it off a deep elf demonologist on level 3 of the Elven Halls)

   [ring of protection from fire]

   Dex+3:     It affects your dexterity (+3).
   rF+:       It protects you from fire.
   rPois:     It protects you from poison rN+: It protects you from negative
   energy.
 U - the ring "Riqeps" {Contam rPois rN+ Will+}
   (You found it on level 3 of the Crypt)

   [ring of positive energy]

   rPois:     It protects you from poison rN+: It protects you from negative
   energy.
   Will+:     It increases your willpower.
   Contam:    It causes magical contamination when unequipped.
 V - a +4 ring of slaying
Talismans
 a - a dragon-blood talisman (active)
 B - a granite talisman
 C - a talisman of death
 W - a storm talisman
Wands
 b - a wand of iceblast (76)
 i - a wand of digging (26)
 E - a wand of light (39)
Scrolls
 u - 2 scrolls of revelation
 v - 3 scrolls of silence
 M - 6 scrolls of poison
 P - 13 scrolls of teleportation
 Q - 2 scrolls of butterflies
 R - 15 scrolls of fog
 S - 6 scrolls of blinking
 X - 4 scrolls of immolation
 Y - 5 scrolls of fear
Potions
 c - 29 potions of curing
 d - 6 potions of mutation
 e - 5 potions of berserk rage
 j - 11 potions of haste
 n - 9 potions of attraction
 o - 6 potions of invisibility
 p - 18 potions of might
 t - 10 potions of heal wounds
 x - 6 potions of lignification
 A - 4 potions of resistance
 I - a potion of cancellation
 T - 8 potions of ambrosia
Miscellaneous
 f - a phantom mirror (inert)
 Z - a condenser vane


   Skills:
 + Level 26.1 Fighting
 + Level 23.8 Dodging
 - Level 15.0 Shields
 O Level 27 Unarmed Combat
 + Level 25.9 Shapeshifting


You had 26 spell levels left.
You didn't know any spells.
Your spell library was empty.

Dungeon Overview and Level Annotations

Branches:
Dungeon (15/15)            Temple (0/1) D:4            Lair (5/5) D:10
  Swamp (4/4) Lair:2        Snake (4/4) Lair:3        Slime (5/5) Lair:5
    Orc (2/2) D:10            Elf (3/3) Orc:2        Vaults (5/5) D:13
  Crypt (3/3) Vaults:3       Tomb (0/3) Crypt:3      Depths (4/4) D:15
    Zot (5/5) Depths:4      Sewer (visited)          Bailey (visited)
Volcano (visited)

Altars:
Elyvilon
Kikubaaqudgha
Okawaru
Sif Muna
Trog
Uskayaw
Wu Jian
Xom
Zin
Jiyva

Shops:
D:1 :   D:2 :*([   Orc:2 !((!![:*   Snake:1 :   Snake:2 !   Snake:3 *
Snake:4 [::   Vaults:1 =*:((   Zot:5 *

Portals:
Hell: Depths:1 Depths:2 Depths:3 Depths:4
Abyss: Depths:3
Pandemonium: Depths:2 Depths:3
Ziggurat: Depths:2

Annotations:
D:10 3 runed translucent doors, Gergoth's ghost, novice DgIE
Lair:1 2 transporters, Reshi88's ghost, journeyman MiFi
Swamp:4 1 runed translucent door, Vudadgh's ghost, adept HuWr
Snake:1 Roxanne
Zot:1 36 runed doors, exclusion: 36 doors
Zot:5 1 exclusion


Innate Abilities, Weirdness & Mutations

You are a fearsome fire dragon!
You have a powerful clawing attack.
Your giant scaled body is strong and resilient, but less evasive.
Your breath weapon is enhanced in this form.
You are flying.
Your maximum health is greatly increased.
Your armour is entirely melded.
You are incapable of wielding weapons or throwing items.
You can breathe blasts of fire.
Your fiery red scales are hard. (AC +13)
You cannot fit into any form of body armour.
((Your flesh is heat resistant. (rF+)))
((You are cold-blooded and may be slowed by cold attacks.))
((Your skin changes colour to match your surroundings (Stealth+).))
Your magical capacity is low. (-10% MP)
You passively map a small area around you.
You occasionally shout uncontrollably at your foes.
((You are vulnerable to cold. (rC-)))
You expend magic power (3 MP) to strengthen your wands.


Message History

No target in view!
No target in view!
You begin untransforming.
You continue untransforming. x3
You feel your undeath return to normal.
You begin transforming.
You continue transforming. x3
You turn into a fearsome fire dragon!
The +0 cloak of Nemelex Xobeh, Chewing {Int+2 Slay+6 SInv} melds into your body.
Your +2 hat melds into your body.
Your +2 pair of gloves melds into your body.
Your +2 pair of boots of rampaging melds into your body.
Your +5 tower shield of protection melds into your body.
You no longer feel able to rampage towards enemies.
You feel less protected.
You start resting.
A tormentor comes into view.
You can't see any hostile targets in range.
You can't see any hostile targets in range.
Aiming: Breathe Fire (0% risk of failure)
Press: ? - help, Q - select action, (/) - cycle Shift-Dir - straight line, f - tormentor
Aim: a tormentor (77% to hit)
You breathe a blast of fire.
The fiery breath hits the tormentor.
The tormentor resists.
The tormentor is lightly wounded.
The tormentor is engulfed in blazing flames.
You bite the tormentor!!
You kill the tormentor!
Trog accepts your kill.
No target in view!
You start resting.
You have got your breath back.
You start resting.
HP restored.
Welcome back, Gladio the Red Draconian Berserker.
Trog says: Kill them all!
Press ? for a list of commands and other information.
Welcome back, Gladio the Red Draconian Berserker.
Trog says: Kill them all!
Press ? for a list of commands and other information.
There is a staircase leading out of the dungeon here.
You have escaped!

##### ######.D.######
###.............###
###.................########
##.'.................'.......
##..#.................#.######
#..####.............###.# ##
#.## ###.).......### #.#
.###.# ###.....### #.#
.#...### ###.........### #.#


There were no monsters in sight!

Vanquished Creatures
  the Royal Jelly (Slime:5)
  Dissolution (Slime:5)
  6 dread liches
  2 ancient liches
  6 orbs of fire (Zot:5)
  4 juggernauts
  Mara (Vaults:4)
  Vv (Zot:2)
  3 Killer Klowns
  Bai Suzhen (Vaults:3)
  A caustic shrike (Depths:4)
  2 curse toes
  Saint Roka (Depths:3)
  Xtahua (Vaults:4)
  Nikola (Snake:4)
  Jory (Crypt:3)
  15 golden dragons
  the Enchantress (Depths:4)
  A profane servitor (Crypt:3)
  3 bone dragons
  The ghost of Syrassil the Metamorph, an adept HuAr of Elyvilon (Vaults:4)
  3 electric golems
  2 hellephants
  2 walking crystal tomes (Depths:4)
  Rupert (D:14)
  15 tentacled monstrosities
  Asterion (Snake:1)
  Mlioglotl (Snake:1)
  7 titans
  26 Orb Guardians
  The ghost of Wammyab the Lord of Darkness, an adept DsNe of Kikubaaqudgha (Snake:2)
  2 deep elf blademasters
  The ghost of Suryr the Thaumaturge, an adept GnHW of Sif Muna (Swamp:1)
  9 liches
  2 deep elf master archers (Elf:3)
  11 quicksilver dragons
  The ghost of Douf the Warrior, an adept MiBe of Trog (Snake:2)
  A walking frostbound tome (Depths:4)
  2 walking divine tomes
  8 death cobs
  An ancient champion (Crypt:3)
  11 sphinxes
  2 Executioners
  Agnes (Snake:4)
  6 tentacled starspawn
  6 tengu reavers
  18 acid blobs
  15 storm dragons
  Kirke (D:15)
  15 shadow dragons
  3 thorn hunters
  5 nagarajas (Snake:4)
  Aizul (Snake:2)
  A fenstrider witch (Swamp:3)
  13 fire giants
  9 azure jellies
  6 draconian monks
  2 revenants
  13 frost giants
  7 rockslimes
  The ghost of bmj180 the Destroyer, a journeyman DrCj of Sif Muna (Orc:2)
  4 draconian knights
  Louise (Snake:4)
  5 ghost moths
  An angel (Zot:4)
  3 balrugs
  15 deep elf sorcerers
  17 vault wardens
  6 draconian scorchers
  3 iron dragons
  4 deep elf elementalists
  3 orc warlords
  6 draconian stormcallers
  2 cacodemons
  A juggernaut zombie (Crypt:2)
  5 draconian annihilators
  3 draconian shifters
  3 spriggan defenders (Depths:4)
  11 ghouls
  30 very ugly things
  12 ironbound preservers
  15 stone giants
  The ghost of Safywk the Warrior, a journeyman MiFi of Gozag (D:14)
  2 juggernaut skeletons (Crypt:2)
  12 quicksilver oozes
  A starflower (Abyss:3)
  4 war gargoyles (Vaults:3)
  11 ironbound thunderhulks
  6 deep elf demonologists (Elf:3)
  12 vampire knights
  6 formless jellyfish
  3 green draconians
  3 eleionomae (Swamp:4)
  Azrael (Snake:2)
  A broodmother (shapeshifter) (Vaults:5)
  9 yellow draconians
  7 black draconians
  8 dire elephants
  6 bunyips
  6 spark wasps
  7 red draconians
  4 deep elf annihilators (Elf:3)
  23 purple draconians
  The ghost of Vuarud the Worldbinder, a journeyman FeSu of the Shining One (Snake:3)
  15 ettins
  5 eidola
  13 white draconians
  A fire dragon (shapeshifter) (Depths:4)
  2 crystal guardians (Elf:3)
  A shambling mangrove (Swamp:2)
  The ghost of Qirphopp the Ogre Mage, a journeyman OgVM of Kikubaaqudgha (D:12)
  9 deep elf high priests
  A green death (Abyss:2)
  18 jiangshi
  6 deep elf death magi
  The ghost of Sixotir the Destroyer, a journeyman DsCj of Sif Muna (D:12)
  An entropy weaver (shapeshifter) (Vaults:4)
  9 fire dragons
  13 great orbs of eyes
  A spriggan zombie (Crypt:1)
  13 yaktaur captains
  14 ice dragons
  2 peacekeepers (Vaults:3)
  31 vault guards
  6 rakshasas
  4 spriggan air magi
  18 alligators
  A sphinx zombie (Crypt:1)
  4 ogre magi
  4 death knights
  2 ghost crabs
  14 hydras
  5 boulder beetles
  6 ironbound frosthearts
  15 anacondas
  22 dancing weapons
  20 naga warriors
  14 centaur warriors
  17 two-headed ogres
  9 deep troll earth magi
  10 deep troll shamans
  7 vampire magi
  15 naga sharpshooters
  A quicksilver ooze zombie (Crypt:2)
  8 shock serpents
  11 hell hogs
  A death yak (Lair:5)
  A demonic crawler (D:15)
  2 orc high priests
  3 thrashing horrors (Abyss:2)
  6 spriggan berserkers
  Urug (D:10)
  Sonja (Orc:1)
  A shock serpent (shapeshifter) (D:14)
  A skyshark (Lair:2)
  14 hell knights
  19 deep elf knights
  4 soul eaters
  3 sun demons
  4 wretched stars (Abyss:3)
  2 shadow wraiths (Crypt:3)
  8 salamander mystics
  23 skeletal warriors
  A spatial maelstrom (Abyss:3)
  10 iron trolls
  Lodul (D:11)
  A bunyip zombie (Crypt:1)
  6 flayed ghosts
  A spriggan druid (Swamp:1)
  3 arcanists
  5 goliath frogs
  20 ironbound convokers
  4 glowing orange brains
  A shadow demon (Depths:3)
  10 naga ritualists
  A spectral hydra (Swamp:4)
  9 bog bodies
  11 phantasmal warriors
  Pikel (D:7)
  15 deep elf archers
  An occultist (Depths:2)
  42 deep trolls
  8 swamp dragons
  A lindwurm (shapeshifter) (Depths:4)
  4 lindwurms
  2 shining eyes
  2 alligator zombies (Swamp:4)
  24 deep elf pyromancers
  8 orc knights
  An oklob plant (Abyss:3)
  A broodmother zombie (Crypt:2)
  18 ugly things
  22 deep elf zephyrmancers
  10 mana vipers
  4 necromancers
  3 manticores
  2 orc sorcerers
  4 will-o-the-wisps
  A stone giant zombie (Crypt:1)
  22 salamanders
  9 large abominations
  20 moths of wrath
  48 black mambas
  2 dire elephant zombies (Crypt:1)
  17 vault sentinels
  9 cyclopes
  6 guardian serpents
  34 elephants
  2 orange demons (Abyss:2)
  16 naga magi
  6 smoke demons
  9 eyes of devastation
  A gargoyle (D:12)
  Maggie (D:7)
  6 molten gargoyles (Volcano)
  A black draconian zombie (Crypt:1)
  A kobold demonologist (D:13)
  2 unseen horrors (Abyss:2)
  A centaur skeleton (Abyss:2)
  18 cane toads
  A rime drake (Lair:5)
  11 komodo dragons
  A rime drake (shapeshifter) (Vaults:5)
  An efreet (Abyss:2)
  3 swamp worm zombies (Swamp:4)
  28 yaktaurs
  A guardian mummy (Zot:4)
  A tormentor (D:1)
  6 hydra zombies (Swamp:4)
  2 ancient zymes (Abyss:2)
  7 freezing wraiths
  2 red devils
  2 bloated husks
  A merfolk (shapeshifter) (Depths:4)
  A polar bear (shapeshifter) (Vaults:5)
  A tarantella (shapeshifter) (Depths:2)
  7 trolls
  22 blink frogs
  5 polar bears
  A silent spectre (Abyss:3)
  A harpy zombie (Crypt:1)
  A raiju (shapeshifter) (D:13)
  4 spectral swamp dragons (Swamp:4)
  10 hornets
  A fire dragon zombie (Crypt:1)
  A wind drake (shapeshifter) (Vaults:5)
  4 raiju
  2 harpy skeletons (Crypt:1)
  17 tyrant leeches
  6 dream sheep (Lair:4)
  105 slime creatures
  A spriggan (shapeshifter) (Depths:4)
  7 shadows
  4 vampires
  52 flying skulls
  5 centaur simulacra
  11 spriggans
  2 ynoxinuls
  Sigmund (D:3)
  9 wraiths
  2 water elementals
  5 air elementals
  A yak (shapeshifter) (Vaults:5)
  56 yaks
  2 wyverns
  6 hogs (D:15)
  3 fire bats (Abyss:2)
  A basilisk (shapeshifter) (Depths:4)
  8 golden eyes
  7 small abominations
  4 fire elementals
  Eustachio (D:5)
  2 basilisks
  Grum (D:11)
  A redback (shapeshifter) (Depths:2)
  3 spatial vortices (Abyss:3)
  13 vampire mosquitoes
  Menkaure (D:6)
  40 nagas
  2 wargs
  A harpy simulacrum (Crypt:3)
  3 acid dragons
  18 swamp worms
  A two-headed ogre zombie (D:10)
  13 water moccasins
  A floating eye (shapeshifter) (Depths:4)
  3 hell hounds
  A water nymph skeleton (Crypt:2)
  A floating eye (Depths:2)
  4 ice beasts
  21 orc warriors
  A swamp dragon zombie (Swamp:4)
  A manticore zombie (Crypt:2)
  5 black bears
  21 ogres
  16 wolves
  4 boggarts (Vaults:3)
  50 starcursed masses
  15 centaurs
  7 phantoms
  A rime drake zombie (Crypt:1)
  9 kobold brigands
  A deep troll simulacrum (Crypt:1)
  2 earth elementals
  7 necrophages
  8 bullfrogs
  A scorpion (D:5)
  A warg zombie (Crypt:1)
  8 wights
  A hornet simulacrum (D:15)
  8 killer bees
  A swamp dragon simulacrum (Crypt:1)
  2 electric eels
  2 howler monkeys
  7 hounds
  2 jellies
  A gnoll bouda (D:7)
  16 orc priests
  An iron imp (Abyss:3)
  9 iguanas
  An iguana (shapeshifter) (Vaults:5)
  18 orc wizards
  A spectral swamp drake (Swamp:4)
  12 hell rats
  2 ogre zombies (D:10)
  A naga skeleton (Crypt:1)
  19 gnolls
  16 adders
  15 river rats
  2 shadow imps
  4 white imps
  2 ufetubi (D:15)
  4 worms
  A dart slug (D:4)
  A dart slug (shapeshifter) (Vaults:5)
  73 orcs
  8 endoplasms
  7 giant cockroaches
  9 goblins
  5 hobgoblins
  15 jackals
  9 quokkas
  8 ball pythons
  A ball python skeleton (Crypt:1)
  4 bats
  5 frilled lizards
  2 gnoll skeletons (D:10)
  A gnoll zombie (D:10)
  43 kobolds
  3 orc skeletons (D:10)
  11 orc zombies (D:10)
  21 rats
2630 creatures vanquished.

Vanquished Creatures (collateral kills)
  Vashnia (Snake:4)
  A golden dragon (Zot:2)
  A storm dragon (Zot:4)
  A nagaraja (Snake:2)
  A draconian monk (Zot:2)
  A vault warden (Vaults:5)
  An angel (Depths:4)
  A very ugly thing (Vaults:5)
  A green draconian (Zot:4)
  2 red draconians
  A dire elephant (Lair:5)
  An ettin (Vaults:5)
  3 vault guards
  A catoblepas (Lair:5)
  2 anacondas (Snake:4)
  A two-headed ogre (Orc:2)
  A naga warrior (Snake:2)
  2 naga sharpshooters (Snake:4)
  A death yak (Lair:5)
  A shock serpent (Snake:4)
  Amaemon (D:10)
  An iron troll (Orc:2)
  2 ugly things (Vaults:5)
  2 elephants (Lair:4)
  A guardian serpent (Snake:4)
  A naga mage (Snake:2)
  A vault sentinel (Vaults:5)
  An orange demon (D:10)
  An unseen horror (D:13)
  A hellion (Depths:4)
  3 trolls (Orc:2)
  5 yaks (Lair:4)
  A golden eye (Abyss:2)
  A naga (Snake:2)
  9 ogres (Orc:2)
  2 troll zombies (D:10)
  An orc wizard (D:13)
  3 ogre zombies (D:10)
  A gnoll zombie (D:10)
  2 gnoll skeletons (D:10)
  2 kobolds (Bailey)
  5 orc zombies (D:10)
72 creatures vanquished.

Vanquished Creatures (others)
  An alligator (Swamp:4)
  A death yak (Lair:5)
  A deep elf zephyrmancer (Elf:3)
  A naga mage (Snake:4)
  5 bloated husks
  A vampire (Vaults:3)
  A golden eye (Abyss:2)
  A vampire mosquito (Swamp:4)
  3 phantoms (Swamp:4)
  A starcursed mass (Abyss:3)
  A spectral swamp drake (Swamp:4)
  A swamp drake zombie (Swamp:4)
  28 foxfires
  A lurking horror (Abyss:2)
  11 starspawn tentacles
58 creatures vanquished.

Grand Total: 2760 creatures vanquished

Notes
Turn   | Place    | Note
-------+----------+-------------------------------------------
     0 | D:1      | Gladio the Draconian Berserker began the quest for the Orb.
     0 | D:1      | Reached XP level 1. HP: 19/19 MP: 1/1
   242 | D:1      | HP: 1/28 [gnoll/+0 whip (3)]
   244 | D:1      | Reached XP level 2. HP: 1/26 MP: 2/2
   596 | D:1      | Reached XP level 3. HP: 31/31 MP: 3/3
   631 | D:1      | Reached skill level 1 in Shapeshifting
   698 | D:1      | Found Wotahab's Book Shop.
   761 | D:1      | Reached ** piety under Trog
  1348 | D:2      | Found Plog's Armour Shoppe.
  1386 | D:2      | Found Femnua's Weapon Boutique.
  1552 | D:2      | Found Xuigue's Book Shop.
  1737 | D:2      | Reached XP level 4. HP: 36/40 MP: 4/4
  1885 | D:2      | Found Kaocirgh's Assorted Antiques.
  2218 | D:3      | Reached skill level 4 in Unarmed Combat
  2225 | D:3      | Noticed a phantom
  2236 | D:3      | Killed a phantom
  2237 | D:3      | Reached XP level 5. HP: 43/46 MP: 5/5
  2435 | D:3      | Noticed Sigmund
  2447 | D:3      | Killed Sigmund
  2448 | D:3      | Reached skill level 5 in Unarmed Combat
  2448 | D:3      | Reached XP level 6. HP: 53/53 MP: 6/6
  2749 | D:3      | Reached *** piety under Trog
  3179 | D:4      | Found a staircase to the Ecumenical Temple.
  3355 | D:4      | Your scales start taking on a fiery red colour.
  3355 | D:4      | Reached XP level 7. HP: 60/60 MP: 7/7
  3355 | D:4      | Gained mutation: Your flesh is heat resistant. (rF+) [Red
                  | Draconian growth]
  3398 | D:4      | Reached skill level 5 in Fighting
  3604 | D:4      | Reached skill level 6 in Unarmed Combat
  3976 | D:5      | Entered Level 5 of the Dungeon
  4097 | D:5      | Reached XP level 8. HP: 69/69 MP: 8/8
  4199 | D:5      | Found a glowing drain.
  4204 | D:5      | Reached skill level 1 in Shields
  4216 | Sewer    | Entered a sewer
  4318 | Sewer    | Reached **** piety under Trog
  4582 | Sewer    | Reached skill level 7 in Unarmed Combat
  4774 | D:2      | Bought a +0 pair of boots for 63 gold pieces
  5365 | D:5      | Reached skill level 5 in Dodging
  5390 | D:5      | Found a glowing silver altar of Zin.
  5629 | D:6      | Noticed Eustachio
  5655 | D:5      | Killed Eustachio
  5709 | D:6      | Reached XP level 9. HP: 78/78 MP: 9/9
  5772 | D:6      | Reached skill level 8 in Unarmed Combat
  6031 | D:6      | Found a white marble altar of Elyvilon.
  6259 | D:6      | Noticed Menkaure
  6260 | D:6      | Killed Menkaure
  7159 | D:7      | Reached skill level 5 in Shapeshifting
  7161 | D:7      | Reached ***** piety under Trog
  7316 | D:7      | Noticed Maggie
  7333 | D:7      | Killed Maggie
  7334 | D:7      | Reached skill level 9 in Unarmed Combat
  7403 | D:7      | Found a flagged portal.
  7428 | Bailey   | Entered a bailey
  7563 | Bailey   | Reached XP level 10. HP: 70/86 MP: 10/10
  7627 | Bailey   | Found a bloodstained altar of Trog.
  7957 | D:7      | Noticed Pikel
  7966 | D:7      | Killed Pikel
  8480 | D:8      | Noticed a two-headed ogre
  8491 | D:8      | Killed a two-headed ogre
  8492 | D:8      | Reached skill level 5 in Shields
  8492 | D:8      | Reached skill level 10 in Unarmed Combat
  8495 | D:8      | Found a shimmering altar of Xom.
  8496 | D:8      | Found a shimmering altar of Xom.
  8498 | D:8      | Found a shimmering altar of Xom.
  8499 | D:8      | Found a shimmering altar of Xom.
  8499 | D:8      | Found a shimmering altar of Xom.
  8500 | D:8      | Found a shimmering altar of Xom.
  9744 | D:10     | Entered Level 10 of the Dungeon
  9761 | D:10     | Reached XP level 11. HP: 95/95 MP: 11/11
  9791 | D:10     | Reached skill level 11 in Unarmed Combat
  9885 | D:10     | Found a runed translucent gate.
  9886 | D:10     | Found a runed translucent gate.
  9887 | D:10     | Found a runed translucent gate.
  9901 | D:10     | Noticed Amaemon
  9913 | D:10     | Noticed Gergoth's ghost (novice DgIE)
  9986 | D:10     | Noticed Urug
 10003 | D:10     | HP: 7/142 [Urug/+2 glaive of flaming (20)]
 10008 | D:10     | Killed Urug
 10009 | D:10     | Found a staircase to the Lair.
 10369 | D:10     | Found a bloodstained altar of Trog.
 10497 | D:10     | Found an iron altar of Okawaru.
 10573 | D:10     | Killed Amaemon
 10595 | D:10     | Found a staircase to the Orcish Mines.
 10886 | Lair:1   | Entered Level 1 of the Lair of Beasts
 11226 | Lair:1   | Reached skill level 12 in Unarmed Combat
 11454 | Lair:1   | Reached skill level 10 in Fighting
 11462 | Lair:1   | Received a gift from Trog
 11467 | Lair:1   | Reached XP level 12. HP: 81/106 MP: 12/12
 11678 | Lair:1   | Identified the +9 hand axe of Guru {drain, rC+ rN+ SInv}
 12073 | Lair:1   | Noticed Reshi88's ghost (journeyman MiFi)
 12097 | Lair:1   | Found a bloodstained altar of Trog.
 12113 | Lair:1   | Found a transporter.
 12118 | Lair:1   | Found a transporter.
 12375 | Lair:2   | You fall into a shaft and drop 2 floors!
 12391 | Lair:4   | Reached skill level 13 in Unarmed Combat
 12773 | Lair:2   | Reached skill level 14 in Unarmed Combat
 12944 | Lair:2   | Noticed a six-headed hydra
 12958 | Lair:2   | Killed a six-headed hydra
 12959 | Lair:2   | Reached XP level 13. HP: 116/116 MP: 13/13
 13495 | Lair:2   | Found a staircase to the Swamp.
 13974 | Lair:3   | Found a staircase to the Snake Pit.
 14284 | Lair:3   | Received a gift from Trog
 15488 | Lair:4   | Reached skill level 10 in Dodging
 15504 | Lair:4   | Received a gift from Trog
 16035 | Lair:5   | Identified the "Kerghihi"
 16035 | Lair:5   | Entered Level 5 of the Lair of Beasts
 16051 | Lair:5   | Reached skill level 15 in Unarmed Combat
 16258 | Lair:5   | Noticed a dire elephant
 16274 | Lair:5   | Killed a dire elephant
 16441 | Lair:5   | Reached XP level 14. HP: 126/127 MP: 14/14
 16523 | Lair:5   | Reached skill level 10 in Shapeshifting
 16526 | Lair:5   | Found a dark tunnel.
 16582 | Volcano  | Entered a volcano
 16997 | Volcano  | Noticed an orb of fire
 17118 | Volcano  | Noticed an orb of fire
 17381 | Lair:5   | Reached skill level 16 in Unarmed Combat
 17714 | Lair:5   | Found a viscous altar of Jiyva.
 17733 | Lair:5   | Found a staircase to the Slime Pits.
 19248 | D:11     | Noticed Grum
 19254 | D:11     | Killed Grum
 19346 | D:11     | Noticed Lodul
 19358 | D:11     | Killed Lodul
 19660 | D:12     | Reached ****** piety under Trog
 19902 | D:12     | Found a runed translucent gate.
 19902 | D:12     | Found a runed translucent gate.
 19902 | D:12     | Found a runed translucent gate.
 19903 | D:12     | Noticed Qirphopp's ghost (journeyman OgVM)
 19903 | D:12     | Noticed Sixotir's ghost (journeyman DsCj)
 20000 | D:12     | Killed Sixotir's ghost
 20006 | D:12     | Killed Qirphopp's ghost
 20062 | D:12     | Identified the ring "Pecud" {+Blink rC+ Int-5 Dex+3}
 20997 | D:13     | Reached skill level 17 in Unarmed Combat
 21034 | D:13     | Reached XP level 15. HP: 136/136 MP: 15/15
 21341 | D:13     | Found a gate to the Vaults.
 21885 | D:14     | Gained mutation: Your spells are a little easier to cast,
                  | but a little less powerful. [a shining eye]
 22310 | D:14     | Found a runed translucent door.
 22315 | D:14     | Noticed Safywk's ghost (journeyman MiFi)
 22323 | D:14     | Killed Safywk's ghost
 22617 | D:15     | Entered Level 15 of the Dungeon
 22618 | D:15     | Noticed Rupert
 22923 | D:14     | Paralysed by Rupert for 2 turns
 22931 | D:14     | Killed Rupert
 22931 | D:14     | Received a gift from Trog
 23322 | D:15     | Noticed Kirke
 23360 | D:15     | Killed Kirke
 23465 | D:15     | Reached skill level 18 in Unarmed Combat
 23564 | D:15     | Found a staircase to the Depths.
 24085 | Orc:1    | Entered Level 1 of the Orcish Mines
 24085 | Orc:1    | Noticed Sonja
 24163 | Orc:1    | Killed Sonja
 24566 | Orc:2    | Entered Level 2 of the Orcish Mines
 24584 | Orc:2    | Found Ommur's Distillery.
 24594 | Orc:2    | Reached XP level 16. HP: 143/147 MP: 16/16
 24935 | Orc:2    | Found Fyennar's Armour Shop.
 24936 | Orc:2    | Found Qipec's Book Emporium.
 24944 | Orc:2    | Found Jolyumi's Assorted Antiques.
 24946 | Orc:2    | Found Yfoniff's Distillery.
 25092 | Orc:2    | Found Umeyzied's Weapon Boutique.
 25104 | Orc:2    | Found Rilag's Distillery.
 25134 | Orc:2    | Found Fakhlomes's Weapon Shoppe.
 25177 | Orc:2    | Found a runed translucent gate.
 25178 | Orc:2    | Found a runed translucent gate.
 25179 | Orc:2    | Found a runed translucent gate.
 25180 | Orc:2    | Noticed bmj180's ghost (journeyman DrCj)
 25320 | Orc:2    | Found a staircase to the Elven Halls.
 25394 | Orc:2    | Killed bmj180's ghost
 25572 | Orc:2    | Bought a potion of haste for 120 gold pieces
 25572 | Orc:2    | Bought a potion of might for 48 gold pieces
 25572 | Orc:2    | Bought a potion of curing for 36 gold pieces
 25572 | Orc:2    | Bought a potion of might for 48 gold pieces
 25572 | Orc:2    | Bought a potion of curing for 36 gold pieces
 25619 | Orc:2    | Bought 2 potions of curing for 84 gold pieces
 25619 | Orc:2    | Bought a potion of might for 56 gold pieces
 25619 | Orc:2    | Bought a potion of ambrosia for 112 gold pieces
 25619 | Orc:2    | Bought a potion of invisibility for 112 gold pieces
 25636 | Orc:2    | Bought a potion of ambrosia for 136 gold pieces
 25636 | Orc:2    | Bought a potion of curing for 51 gold pieces
 25636 | Orc:2    | Bought a potion of curing for 51 gold pieces
 25636 | Orc:2    | Bought a potion of invisibility for 136 gold pieces
 25636 | Orc:2    | Bought a potion of might for 68 gold pieces
 25636 | Orc:2    | Bought 2 potions of curing for 102 gold pieces
 25636 | Orc:2    | Bought a potion of heal wounds for 85 gold pieces
 25636 | Orc:2    | Bought a potion of heal wounds for 85 gold pieces
 25951 | Snake:1  | Entered Level 1 of the Snake Pit
 25983 | Snake:1  | Received a gift from Trog
 26157 | Snake:1  | Noticed Roxanne
 26438 | Snake:1  | Found Roelais's Tiny Tomes.
 26575 | Snake:1  | Noticed Mlioglotl
 26581 | Snake:1  | Killed Mlioglotl
 26665 | Snake:1  | Noticed Asterion
 26682 | Snake:1  | Killed Asterion
 27320 | Snake:2  | Received a gift from Trog
 27400 | Snake:2  | Found Ziclyttips's Distillery.
 27409 | Snake:2  | Bought a potion of heal wounds for 80 gold pieces
 27409 | Snake:2  | Bought a potion of heal wounds for 80 gold pieces
 27409 | Snake:2  | Bought a potion of heal wounds for 80 gold pieces
 27409 | Snake:2  | Bought a potion of mutation for 128 gold pieces
 27409 | Snake:2  | Bought a potion of heal wounds for 80 gold pieces
 27637 | Snake:2  | Noticed Aizul
 27649 | Snake:2  | Killed Aizul
 27650 | Snake:2  | Reached skill level 15 in Shapeshifting
 27763 | Snake:2  | Noticed Azrael
 27788 | Snake:2  | Killed Azrael
 27789 | Snake:2  | Reached XP level 17. HP: 154/154 MP: 17/17
 28182 | Snake:3  | Found a runed translucent gate.
 28182 | Snake:3  | Found a runed translucent gate.
 28184 | Snake:3  | Found a runed translucent gate.
 28186 | Snake:3  | Noticed Wammyab's ghost (adept DsNe)
 28186 | Snake:3  | Noticed Vuarud's ghost (journeyman FeSu)
 28186 | Snake:3  | Noticed Douf's ghost (adept MiBe)
 28198 | Snake:3  | Found the +2 hat of the Bear Spirit {Spirit, Bear, *Rage
                  | Will++}
 28209 | Snake:3  | Identified a scroll of acquirement
 28221 | Snake:3  | Acquired a manual of Dodging
 28242 | Snake:2  | Killed Douf's ghost
 28242 | Snake:2  | Received a gift from Trog
 28290 | Snake:2  | Killed Wammyab's ghost
 28392 | Snake:3  | Noticed a quicksilver dragon
 28396 | Snake:3  | Killed Vuarud's ghost
 28421 | Snake:3  | Identified the +0 cloak of Nemelex Xobeh, Chewing {Int+2
                  | Slay+6 SInv}
 28481 | Snake:3  | Reached skill level 15 in Fighting
 28949 | Snake:3  | Reached skill level 19 in Unarmed Combat
 29490 | Snake:3  | Found Hianlex's Neck Hole.
 29526 | Snake:3  | Found a shimmering blue altar of Sif Muna.
 29679 | Snake:4  | Entered Level 4 of the Snake Pit
 29686 | Snake:4  | Reached XP level 18. HP: 163/163 MP: 18/18
 29689 | Snake:4  | Found Xeis's Book Emporium.
 29736 | Snake:4  | Noticed Nikola
 29747 | Snake:4  | Killed Nikola
 29769 | Snake:4  | Received a gift from Trog
 29927 | Snake:4  | Found Soilits's Book Emporium.
 30174 | Snake:4  | Noticed Louise
 30193 | Snake:4  | Killed Louise
 30494 | Snake:4  | Found Etomn's Antique Armour Shop.
 30529 | Snake:4  | Noticed Agnes
 30542 | Snake:4  | Killed Agnes
 30594 | Snake:4  | Noticed Vashnia
 30605 | Snake:4  | Killed Vashnia
 30642 | Snake:4  | Received a gift from Trog
 30678 | Snake:4  | Reached XP level 19. HP: 172/172 MP: 19/19
 31099 | Snake:4  | Reached skill level 20 in Unarmed Combat
 31439 | Snake:4  | Got a serpentine rune of Zot
 31623 | Swamp:1  | Entered Level 1 of the Swamp
 32412 | Swamp:1  | Found a large runed translucent door.
 32413 | Swamp:1  | Found a large runed translucent door.
 32421 | Swamp:1  | Noticed Suryr's ghost (adept GnHW)
 32442 | Swamp:1  | Killed Suryr's ghost
 32780 | Swamp:2  | Received a gift from Trog
 32862 | Swamp:2  | Identified the +1 spear of the Shouting Priest {venom,
                  | rElec rF- rC++ Int+3}
 33126 | D:5      | Acquired a manual of Shapeshifting
 33503 | Swamp:2  | Reached skill level 15 in Dodging
 34232 | Swamp:3  | Found a glowing silver altar of Zin.
 34564 | Swamp:4  | Entered Level 4 of the Swamp
 34759 | Swamp:4  | Received a gift from Trog
 35223 | Swamp:4  | Found a runed translucent door.
 35224 | Swamp:4  | Found a shimmering altar of Xom.
 35224 | Swamp:4  | Noticed Vudadgh's ghost (adept HuWr)
 35357 | Swamp:4  | Noticed a bone dragon
 35363 | Swamp:4  | Killed a bone dragon
 35366 | Swamp:4  | Reached skill level 21 in Unarmed Combat
 35518 | Swamp:4  | Got a decaying rune of Zot
 35835 | Vaults:1 | Entered Level 1 of the Vaults
 36259 | Vaults:1 | Found Siev's Weapon Boutique.
 36261 | Vaults:1 | Reached XP level 20. HP: 183/183 MP: 20/20
 36855 | Vaults:1 | Found Nutyser's General Store.
 36979 | Vaults:1 | Found Ovvo Dui's Book Emporium.
 37104 | Vaults:1 | Found Uqapyuri's Antique Weapon Shop.
 37167 | Vaults:1 | Found a portal to a secret trove of treasure.
 37248 | Vaults:1 | Found Fereriky's Jewellery Emporium.
 37644 | Vaults:2 | Identified the +8 long sword of Severance {flame, rElec
                  | Str+3} (Trog gifted it to you on level 2 of the Vaults)
 37644 | Vaults:2 | Received a gift from Trog
 39160 | Vaults:2 | Received a gift from Trog
 39507 | Vaults:3 | Noticed Bai Suzhen
 39824 | Vaults:3 | Reached skill level 22 in Unarmed Combat
 39829 | Vaults:3 | Found a staircase to the Crypt.
 40066 | Vaults:3 | Killed Bai Suzhen
 40067 | Vaults:3 | Reached skill level 10 in Shields
 40147 | Vaults:3 | Received a gift from Trog
 40288 | Vaults:3 | Reached XP level 21. HP: 193/193 MP: 21/21
 41308 | Vaults:4 | Noticed an ancient lich
 41488 | Vaults:4 | Killed an ancient lich
 41523 | Vaults:4 | Received a gift from Trog
 41640 | Vaults:4 | Noticed Mara
 41655 | Vaults:4 | Killed Mara
 41754 | Vaults:4 | Noticed Xtahua
 41757 | Vaults:4 | Paralysed by Xtahua for 5 turns
 41765 | Vaults:4 | Killed Xtahua
 42131 | Vaults:4 | Found a transporter.
 42135 | Vaults:4 | Noticed Syrassil's ghost (adept HuAr)
 42143 | Vaults:4 | Found a transporter.
 42883 | Vaults:5 | Entered Level 5 of the Vaults
 43059 | Vaults:5 | Reached skill level 23 in Unarmed Combat
 43200 | Vaults:5 | Received a gift from Trog
 43278 | Vaults:5 | Noticed a dread lich
 43280 | Vaults:5 | Killed a dread lich
 43395 | Vaults:5 | Paralysed by a floating eye for 3 turns
 43456 | Vaults:5 | Noticed a dread lich
 43466 | Vaults:5 | Killed a dread lich
 43470 | Vaults:5 | Noticed a dread lich
 43484 | Vaults:5 | Killed a dread lich
 43617 | Vaults:5 | Reached XP level 22. HP: 204/204 MP: 22/22
 43703 | Vaults:5 | Received a gift from Trog
 43712 | Vaults:5 | Paralysed by a yaktaur for 5 turns
 43761 | Vaults:5 | Identified the +11 scimitar of Bankruptcy {elec, *Corrode
                  | rPois Will+ Str+7}
 43823 | Vaults:5 | Identified the +1 hand axe of Vixkeur {holy, rPois}
 43920 | Vaults:5 | Received a gift from Trog
 44440 | Vaults:5 | Identified the +3 shortbow of the Hidden Vale {heavy, Fly
                  | Int+3 Dex+6}
 44457 | Vaults:5 | Identified the +11 rapier of Veymp {elec, rPois}
 44695 | Vaults:5 | Got a silver rune of Zot
 45778 | Elf:1    | Entered Level 1 of the Elven Halls
 47284 | Elf:2    | Paralysed by an air elemental for 1 turns
 47432 | Elf:2    | Reached skill level 24 in Unarmed Combat
 47451 | Elf:2    | Received a gift from Trog
 47800 | Elf:2    | Found a huge runed translucent gate.
 47800 | Elf:2    | Found a huge runed translucent gate.
 47816 | Elf:2    | Found a huge runed translucent gate.
 48086 | Elf:2    | Found a huge runed translucent gate.
 48086 | Elf:2    | Found a huge runed translucent gate.
 48763 | Elf:2    | Received a gift from Trog
 49013 | Elf:3    | Entered Level 3 of the Elven Halls
 49220 | Elf:3    | Paralysed by an air elemental for 1 turns
 49739 | Elf:3    | Received a gift from Trog
 49865 | Elf:3    | Reached XP level 23. HP: 196/215 MP: 23/23
 49944 | Elf:3    | Identified the +7 quarterstaff of Instinct {freeze, rF+ rC+
                  | Int+3}
 49978 | Elf:3    | Identified the ring of Free Will {*Slow Will+++ Str+8
                  | Slay-6 SInv}
 50162 | Elf:3    | Identified the +4 scimitar "Tischiwiv" {holy, rC+ Int+3}
 50162 | Elf:3    | Identified the ring of Fudo {Will+ Int+5}
 50169 | Abyss:2  | Cast into level 2 of the Abyss (a deep elf sorcerer)
 50257 | Abyss:2  | Paralysed by accursed screaming for 2 turns
 50368 | Abyss:2  | Received a gift from Trog
 50417 | Abyss:2  | Found a corrupted altar of Lugonu.
 50479 | Abyss:2  | Found a corrupted altar of Lugonu.
 50479 | Abyss:2  | Found a corrupted altar of Lugonu.
 50512 | Elf:3    | Escaped the Abyss
 50526 | Elf:3    | Identified the ring "Yxiack" {rPois rF+ rN+ Dex+3}
 50538 | Elf:3    | Identified the +8 hand axe "Gathres" {distort, Dex+5}
 50761 | Elf:3    | Identified the staff of the Lurker {*Slow Int+5 SInv Ice
                  | Earth}
 50769 | Elf:3    | Identified the +1 quarterstaff of Nemelex Xobeh's Hope
                  | {venom, rPois Str-4 Dex+3 SInv}
 50790 | Elf:3    | Identified the +8 arbalest of Distraction {freeze, Int+4}
 50820 | Elf:3    | Identified the +6 ring mail "Becah" {Harm Drain rPois
                  | Int+6}
 50832 | Elf:3    | Identified the ring "Doedegun" {Fly rN++ Slay-6}
 50845 | Elf:3    | Identified the +6 falchion "Zaash" {flame, rPois rC- Str+2
                  | Dex+4}
 50850 | Elf:3    | Identified the +7 spear of Triumph {holy, rC+ SInv}
 51442 | Vaults:1 | You paid a toll of +3 shadow dragon scales to enter a
                  | treasure trove
 51443 | Trove    | Identified the "Emuaqeirph"
 51443 | Trove    | Entered a treasure trove
 51457 | Trove    | Identified the ring "Uwodiemo" {Drain rC+++ Will- Str+3
                  | Dex+6}
 51469 | Trove    | Identified the amulet of Ceteapt {Spirit Will+ Regen+}
 51470 | Trove    | Identified the ring "Tamnin" {rPois rF+ Will+}
 52169 | Vaults:4 | Killed Syrassil's ghost
 52581 | Snake:2  | Bought 2 potions of cancellation for 256 gold pieces
 52848 | Depths:1 | Entered Level 1 of the Depths
 53017 | Depths:1 | Found a gateway to Hell.
 53036 | Depths:1 | Received a gift from Trog
 53149 | Depths:1 | Found a bloodstained altar of Trog.
 54087 | Depths:2 | Identified the +5 scimitar of Breach {protect, rN++}
 54104 | Depths:2 | Received a gift from Trog
 54268 | Depths:2 | Identified the staff "Piopiu" {rElec rCorr Str+3 Air}
 54333 | Depths:2 | Found a one-way gateway to a ziggurat.
 54344 | Depths:2 | Found a one-way gate leading to the halls of Pandemonium.
 54368 | Depths:2 | Reached XP level 24. HP: 226/226 MP: 23/23
 54779 | Depths:3 | Noticed Saint Roka
 54825 | Depths:3 | Reached skill level 25 in Unarmed Combat
 54874 | Depths:3 | Killed Saint Roka
 55096 | Depths:3 | Found a one-way gate to the infinite horrors of the Abyss.
 55149 | Depths:3 | Received a gift from Trog
 55208 | Depths:3 | Noticed a juggernaut
 55222 | Depths:3 | Killed a juggernaut
 56127 | Depths:4 | Entered Level 4 of the Depths
 56269 | Depths:4 | Noticed the Enchantress
 56285 | Depths:4 | Killed the Enchantress
 56493 | Depths:4 | Found a gate to the Realm of Zot.
 56497 | Depths:4 | Identified the +8 spear of the Ecumenical Temple {flame,
                  | rCorr Str+2} (Trog gifted it to you on level 4 of the
                  | Depths)
 56497 | Depths:4 | Received a gift from Trog
 56560 | Depths:4 | Found an ancient bone altar of Kikubaaqudgha.
 56560 | Depths:4 | Found a hide-covered altar of Uskayaw.
 56561 | Depths:4 | Found an ornate altar of the Wu Jian Council.
 56687 | Depths:4 | Found the +2 hood of the Assassin {Detect Stab+ Stlth++}
 56687 | Depths:4 | Noticed a juggernaut
 56693 | Depths:4 | Noticed a juggernaut
 56700 | Depths:4 | Killed a juggernaut
 56709 | Depths:4 | Killed a juggernaut
 56924 | Depths:4 | Identified the +1 quarterstaff of the Healing Scorpion
                  | {freeze, Fly Str+4 Stlth+}
 57067 | Depths:4 | Received a gift from Trog
 57162 | Depths:4 | Reached XP level 25. HP: 236/236 MP: 22/23
 57282 | Depths:4 | Identified the +5 battleaxe of Wounding {freeze, Dex+2}
 57291 | Depths:4 | Noticed a juggernaut
 57296 | Depths:4 | Killed a juggernaut
 57399 | Depths:4 | Reached skill level 26 in Unarmed Combat
 57926 | Crypt:1  | Entered Level 1 of the Crypt
 58178 | Crypt:1  | Identified the amulet "Ipsaol Fodas" {Faith rElec rC+
                  | Dex+4}
 58374 | Crypt:2  | Received a gift from Trog
 58992 | Crypt:3  | Entered Level 3 of the Crypt
 59227 | Crypt:3  | Found an ancient bone altar of Kikubaaqudgha.
 59251 | Crypt:3  | Received a gift from Trog
 59709 | Crypt:3  | Identified the ring of Discretion {rF++ rC+++ rN+ Dex-3
                  | Stlth-}
 59709 | Crypt:3  | Identified the ring "Riqeps" {Contam rPois rN+ Will+}
 59709 | Crypt:3  | Identified the ring of Cobyss {rElec rF++ rN+ Str+2 Int-4}
 59875 | Crypt:3  | Received a gift from Trog
 59973 | Crypt:3  | Found a staircase to the Tomb.
 59973 | Crypt:3  | Noticed Jory
 59987 | Crypt:3  | Killed Jory
 60736 | Zot:1    | Entered Level 1 of the Realm of Zot
 60813 | Zot:1    | Found a huge runed gate.
 60818 | Zot:1    | Found a huge runed gate.
 60818 | Zot:1    | Found a huge runed gate.
 60818 | Zot:1    | Found a huge runed gate.
 60820 | Zot:1    | Found a huge runed gate.
 60823 | Zot:1    | Found a huge runed gate.
 60823 | Zot:1    | Found a huge runed gate.
 60824 | Zot:1    | Found a huge runed gate.
 60944 | Zot:1    | Reached skill level 15 in Shields
 61069 | Zot:1    | Found a huge runed gate.
 61069 | Zot:1    | Found a huge runed gate.
 61069 | Zot:1    | Found a huge runed gate.
 61069 | Zot:1    | Found a huge runed gate.
 61072 | Zot:1    | Found a huge runed gate.
 61072 | Zot:1    | Found a huge runed gate.
 61072 | Zot:1    | Found a huge runed gate.
 61072 | Zot:1    | Found a huge runed gate.
 61073 | Zot:1    | Found a huge runed gate.
 61075 | Zot:1    | Found a huge runed gate.
 61075 | Zot:1    | Found a huge runed gate.
 61075 | Zot:1    | Found a huge runed gate.
 61075 | Zot:1    | Found a huge runed gate.
 61075 | Zot:1    | Found a huge runed gate.
 61075 | Zot:1    | Found a huge runed gate.
 61076 | Zot:1    | Found a huge runed gate.
 61222 | Zot:1    | Found a huge runed gate.
 61223 | Zot:1    | Found a huge runed gate.
 61224 | Zot:1    | Found a huge runed gate.
 61225 | Zot:1    | Found a huge runed gate.
 61226 | Zot:1    | Found a huge runed gate.
 61227 | Zot:1    | Found a huge runed gate.
 61228 | Zot:1    | Found a huge runed gate.
 61229 | Zot:1    | Found a huge runed gate.
 61230 | Zot:1    | Found a huge runed gate.
 61239 | Zot:1    | Found a huge runed gate.
 61239 | Zot:1    | Found a huge runed gate.
 61242 | Zot:1    | Found a huge runed gate.
 61901 | Zot:2    | Reached skill level 27 in Unarmed Combat
 61975 | Zot:2    | Noticed Vv
 61992 | Zot:2    | Reached XP level 26. HP: 248/248 MP: 20/23
 61992 | Zot:2    | Killed Vv
 62755 | Zot:3    | Received a gift from Trog
 62816 | Zot:3    | Found a transporter.
 62818 | Zot:3    | Found a transporter.
 63199 | Zot:3    | Found a transporter.
 63204 | Zot:3    | Found a transporter.
 63676 | Zot:3    | Found a transporter.
 63676 | Zot:3    | Found a transporter.
 63937 | Zot:4    | Identified the "Kuxia"
 63992 | Zot:4    | Noticed an ancient lich
 64348 | Zot:3    | Received a gift from Trog
 64536 | Zot:4    | Killed an ancient lich
 64585 | Zot:4    | Noticed a dread lich
 64592 | Zot:4    | Killed a dread lich
 64592 | Zot:4    | Received a gift from Trog
 65022 | Zot:4    | Reached XP level 27. HP: 261/261 MP: 20/23
 65235 | Zot:4    | Identified the +0 shortbow of the Eel {drain, Will++}
 65350 | Zot:5    | Entered Level 5 of the Realm of Zot
 65364 | Zot:5    | Noticed an orb of fire
 65364 | Zot:5    | Gained mutation: Your body sometimes deteriorates upon
                  | taking damage. [an orb of fire]
 65373 | Zot:5    | Killed an orb of fire
 65387 | Zot:5    | Lost mutation: Your spells are a little easier to cast, but
                  | a little less powerful. [potion of mutation]
 65387 | Zot:5    | Lost mutation: Your body sometimes deteriorates upon taking
                  | damage. [potion of mutation]
 65387 | Zot:5    | Gained mutation: Your mind is acute. (Int +4, Str/Dex -1)
                  | [potion of mutation]
 65387 | Zot:5    | Gained mutation: You occasionally lose the ability to read
                  | scrolls when taking damage. [potion of mutation]
 65387 | Zot:5    | Gained mutation: You have hidden genetic potential. [potion
                  | of mutation]
 65388 | Zot:5    | Lost mutation: Your mind is acute. (Int +4, Str/Dex -1)
                  | [potion of mutation]
 65388 | Zot:5    | Lost mutation: You have hidden genetic potential. [potion
                  | of mutation]
 65388 | Zot:5    | Lost mutation: You occasionally lose the ability to read
                  | scrolls when taking damage. [potion of mutation]
 65388 | Zot:5    | Gained mutation: You occasionally lose the ability to drink
                  | potions when taking damage. [potion of mutation]
 65388 | Zot:5    | Gained mutation: You expend magic power (3 MP) to
                  | strengthen your wands. [potion of mutation]
 65461 | Zot:5    | Found Bolen's Changing Room.
 65470 | Zot:5    | Bought a potion of mutation for 160 gold pieces
 65470 | Zot:5    | Bought a storm talisman for 2274 gold pieces
 66656 | Slime:1  | Entered Level 1 of the Pits of Slime
 69385 | Slime:2  | Received a gift from Trog
 70188 | Slime:5  | Entered Level 5 of the Pits of Slime
 70382 | Slime:5  | Noticed Dissolution
 70388 | Slime:5  | Noticed the Royal Jelly
 70392 | Slime:5  | Killed Dissolution
 70468 | Slime:5  | Killed the Royal Jelly
 71011 | Slime:5  | Identified the amulet "Lorazuih" {Faith rCorr SInv Stlth-}
 71016 | Slime:5  | Got a slimy rune of Zot
 71026 | Slime:5  | Found the +11 plutonium sword {Contam Stlth-}
 71029 | Slime:5  | Identified the +0 robe "Culamian" {rElec}
 71032 | Slime:5  | Identified the +3 bardiche of Reasonable Fortitude {freeze,
                  | rC+ rN+ Dex-2 Stlth+}
 71064 | Slime:5  | Identified the staff of Nightmares {rPois rN+ Stlth+ Ice
                  | Poison}
 71946 | Depths:3 | Voluntarily entered the Abyss.
 71985 | Abyss:3  | Found a corrupted altar of Lugonu.
 72017 | Abyss:3  | Received a gift from Trog
 72184 | Abyss:3  | Paralysed by accursed screaming for 2 turns
 72195 | Abyss:3  | Paralysed by accursed screaming for 2 turns
 72217 | Abyss:3  | Got an abyssal rune of Zot
 72228 | Depths:3 | Escaped the Abyss
 72361 | Depths:3 | Upgraded the game from 0.31-a0-920-g28cbb04a8c to
                  | 0.31-a0-925-g0a390f2509
 72749 | Zot:5    | Identified the +8 orcbow "Okazoh" {drain, rElec rCorr MP-9
                  | Int+6}
 72857 | Zot:5    | Noticed an orb of fire
 72904 | Zot:5    | Noticed a dread lich
 72904 | Zot:5    | Noticed an orb of fire
 72906 | Zot:5    | Gained mutation: You are clumsy. (Dex -2) [an orb of fire]
 72913 | Zot:5    | Gained mutation: You are dopey. (Int -2) [an orb of fire]
 72921 | Zot:5    | Killed an orb of fire
 72927 | Zot:5    | Killed a dread lich
 72948 | Zot:5    | Killed an orb of fire
 72968 | Zot:5    | Received a gift from Trog
 73204 | Zot:5    | Lost mutation: You occasionally lose the ability to drink
                  | potions when taking damage. [potion of mutation]
 73204 | Zot:5    | Lost mutation: You are clumsy. (Dex -2) [potion of
                  | mutation]
 73204 | Zot:5    | Lost mutation: You are dopey. (Int -2) [potion of mutation]
 73204 | Zot:5    | Gained mutation: Your skin changes colour to match your
                  | surroundings (Stealth+). [potion of mutation]
 73204 | Zot:5    | Gained mutation: Your body sometimes deteriorates upon
                  | taking damage. [potion of mutation]
 73204 | Zot:5    | Gained mutation: Your tail ends in a venomous barb. [potion
                  | of mutation]
 73205 | Zot:5    | Lost mutation: Your body sometimes deteriorates upon taking
                  | damage. [potion of mutation]
 73205 | Zot:5    | Lost mutation: Your tail ends in a venomous barb. [potion
                  | of mutation]
 73205 | Zot:5    | Gained mutation: You passively map a small area around you.
                  | [potion of mutation]
 73205 | Zot:5    | Gained mutation: You are robust. (+10% HP) [potion of
                  | mutation]
 73231 | Zot:5    | Noticed an orb of fire
 73241 | Zot:5    | Lost mutation: You are robust. (+10% HP) [an orb of fire]
 73244 | Zot:5    | Killed an orb of fire
 73315 | Zot:5    | Noticed an orb of fire
 73325 | Zot:5    | Killed an orb of fire
 73546 | Zot:5    | Got the Orb of Zot
 73582 | Zot:5    | Noticed an orb of fire
 73583 | Zot:5    | Noticed a dread lich
 73583 | Zot:5    | Gained mutation: You are vulnerable to cold. (rC-) [an orb
                  | of fire]
 73585 | Zot:5    | Gained mutation: You occasionally shout uncontrollably at
                  | your foes. [an orb of fire]
 73610 | Zot:5    | Killed a dread lich
 73610 | Zot:5    | Gained mutation: Your magical capacity is low. (-10% MP)
                  | [an orb of fire]
 73617 | Zot:5    | Killed an orb of fire
 73652 | Zot:4    | Noticed Ucampem the pandemonium lord
 74241 | D:6      | Noticed a seraph
 74414 | D:$      | Escaped with the Orb!

Illustrated notes

Levels and vault maps discovered:
D:1:      nzn_arrival_depleted_hourglass, layout_basic, serial_shops,
          nicolae_shop_tiny_statue_garden
D:2:      layout_basic, serial_shops, shop, nicolae_shop_back_alley_shop, shop,
          nicolae_book_shop_shelving
D:3:      layout_rooms, uniq_sigmund
D:4:      layout_basic, minmay_temple_entry_ruins
D:5:      layout_basic, zin_scriptorium, serial_glass, glass_columns_b,
          glass_columns_a, portal_sewer_entry_e, minmay_misc_feat_rugged,
          corexii_leaking_fountain, minmay_misc_feat_room
D:6:      layout_layer_cave, kennysheep_little_box, chequers_avenue,
          uniq_eustachio, uniq_menkaure
D:7:      layout_basic, lightli_bailey_entry_fortress, uniq_maggie, uniq_pikel
D:8:      layout_loops_ring, xom_redecorated
D:9:      layout_irregular_city
D:10:     layout_loops_ring, okawaru_altar_gauntlet_db,
          mainiacjoe_overflow_concentric_impassable, lair_entry_dummy,
          zombieorc2_lemuel, gammafunk_ghost_necromancy, uniq_urug, uniq_amaemon
D:11:     layout_long_grid, uniq_lodul, uniq_grum
D:12:     layout_stronghold, gammafunk_ghost_cemetery, serial_column_ruins,
          column_ruins_columns_straight, column_ruins_grid_1,
          column_ruins_grid_1
D:13:     layout_loops_ring, lightli_vaults_fourway_checkpoint
D:14:     layout_cave_pools, ebering_ghost_reflecting_pool
D:15:     grunt_enter_depths_hoard, layout_cave_pools, hex_medium, serial_ice,
          serial_ice_e, serial_ice_k, serial_ice_o, serial_ice_a, serial_ice_d,
          portal_ice_cave_entry_dragon, uniq_kirke, uniq_rupert
Lair:1:   beast_lair_carwin_large_3, layout_misc_corridors,
          gammafunk_ghost_wrathful_warriors, minivault_27, serial_bayou_shore_b,
          lemuel_fruit_tree
Lair:2:   layout_big_grid, nicolae_swamp_entry_splash_gauntlet,
          chequers_serial_rivers_room_a, forest_entry_grove
Lair:3:   lemuel_ratsnest, layout_layer_cave, guppyfry_snake_entry_garden,
          grunt_forest_small_clearing_treed
Lair:4:   layout_regular_city, nicolae_quartered_pool_impasse,
          infiniplex_staircase_pool
Lair:5:   grunt_lair_end_beastmaster, layout_layer_cave, slime_entry_1,
          nicolae_volcano_entry_s_turn, st_stairs_11, grunt_megastairs_5
Swamp:1:  layout_basic_swamp, ebering_ghost_disaster_area,
          hangedman_swamp_lotus, swamp_pool1
Swamp:2:  layout_falls_marsh, nicolae_swamp_treefoil, swamp_pool4,
          hangedman_swamp_wriggling
Swamp:3:  layout_basic_swamp, lemuel_altar_in_water
Swamp:4:  swamp_pestilence, layout_basic_swamp, ebering_ghost_xom
Snake:1:  layout_gridlike, st_stairs_5, nicolae_shop_i_like_small_books_too,
          nicolae_coiled_stairwell_down, uniq_roxanne, uniq_mlioglotl,
          uniq_asterion
Snake:2:  layout_cave_pods, serial_shops, nicolae_shop_industrial_runoff,
          uniq_aizul, uniq_azrael
Snake:3:  layout_misc_corridors, basic_altar, gammafunk_ghost_cemetery,
          nicolae_shop_sticking_my_neck_out
Snake:4:  grunt_snake_rune_serpentine_throne, layout_chambers, serial_shops,
          shop, nicolae_book_shop_shelving, nicolae_shop_tiny_real_fake_doors,
          grunt_ministairs_12, st_stairs_13, nicolae_fountain_basement,
          uniq_vashnia, uniq_nikola, uniq_louise, uniq_agnes
Slime:1:  layout_caves
Slime:2:  layout_caves, nicolae_slime_phagocytosis
Slime:3:  layout_caves
Slime:4:  layout_caves
Slime:5:  slime_pit_nicolae_block_by_block, uniq_dissolution
Orc:1:    layout_diamond_mine, uniq_sonja
Orc:2:    st_orc_open, layout_caves, ebering_ghost_rock_garden, basic_altar,
          serial_shops, nicolae_shop_temple_entry_statues_fountains, shop, shop,
          shop
Elf:1:    layout_loops_corners, hangedman_corner_corridor
Elf:2:    elven_hall_of_blades_hangedman_alternative
          [nicolae_blade_entry_pointy_end], layout_loops_corners
Elf:3:    minmay_elf_hall_golems, layout_geoelf_diagonals,
          hangedman_decor_cross_pass
Vaults:1: ontoclasm_vaults_hangar, hangedman_vaults_stitches, v_rooms_6,
          nicolae_vaults_layer_cake_slice, nicolae_vaults_apartment_1,
          hangedman_vaults_maws, nicolae_vaults_house_1, layout_vaults_omnigrid,
          serial_glass, nicolae_trove_entry_crystal, serial_shops,
          nicolae_shop_bloodbath_and_beyond, nicolae_shop_waterfront,
          nicolae_shop_waterfront, nicolae_shop_real_fake_doors, shop
Vaults:2: nicolae_vaults_two_Ls, v_rooms_4, vaults_room_boxed,
          ontoclasm_vaults_fault, vaults_mumra_minichess,
          nicolae_vaults_border_crossing, vaults_mumra_hexcomb, v_pattern_2,
          layout_vaults_omnicross
Vaults:3: v_pattern_1, nicolae_vaults_double_plus_3,
          nicolae_vaults_layer_cake_slice, nicolae_vaults_meiosis,
          ontoclasm_vaults_spin, vaults_standard_mumra_x,
          minmay_crypt_entry_vampire_xt, nicolae_vaults_theta,
          vaults_dpeg_cross, v_misc_16, hangedman_vaults_stream, v_misc_10,
          hangedman_vaults_impose, layout_vaults_omnibox, uniq_bai_suzhen
Vaults:4: gammafunk_ghost_arena, nicolae_vaults_house_2,
          nicolae_vaults_disjoint_gnomons, grunt_vaults_hallway_short,
          dpeg_vaults_monster_row, nicolae_vaults_surprise_closet,
          dpeg_vaults_monster_box, nicolae_vaults_closet_pinwheel_2,
          layout_vaults_big_room, uniq_mara, uniq_xtahua
Vaults:5
Crypt:1:  layout_rooms
Crypt:2:  layout_misc_corridors
Crypt:3:  grunt_crypt_end_deaths_head
Depths:1: layout_gridlike, nrook_mini_vaults, hellmouth_3,
          minmay_misc_feat_roman, trog_three_pillars_becter
Depths:2: minmay_fractal_lines_corner, layout_honeycomb, enter_ziggurat_e,
          serial_sigils, serial_sigils_hangedman_stare,
          serial_sigils_hangedman_carve, serial_sigils_hangedman_gnaw,
          serial_sigils_hangedman_shear, serial_sigils_hangedman_scratch,
          pan_entry, hell_entry, serial_bayou_shore_b
Depths:3: nicolae_hexawheel, layout_basic, abyss_entry_glasseish,
          grunt_hell_entry_dis_mu, rand_demon_pan_entry_7, uniq_margery,
          uniq_saint_roka
Depths:4: hangedman_slaughterboxes, hell_entry, serial_shops, uniq_enchantress
Zot:1:    layout_gridlike, door_vault
Zot:2:    layout_misc_corridors, uniq_vv
Zot:3:    cheibrodos_zot_enchanting_chambers, layout_cathedral_of_symmetry,
          serial_nicolae_subway, nicolae_sub_station_metal,
          nicolae_sub_station_crystal, nicolae_sub_station_stone
Zot:4:    hangedman_zot_vaults_quadrants, layout_onion_interference,
          st_stairs_3, st_small_dragon_hoard_3
Zot:5:    layout_misc_corridors, nicolae_transmutations_shop

Skill      XL: |  1  2  3  4  5  6  7  8  9 10 11 12 13 14 15 16 17 18 19 20 21 22 23 24 25 26 27 |
---------------+----------------------------------------------------------------------------------+-----
Dodging        | 3 4 5 6 7 8 9 10 11 12 13 14 15 17 18 19 20 22 23 | 23.8
Shapeshifting  | 1 2 3 4 5 6 7 8 9 11 15 16 17 18 20 21 22 23 24 25 | 25.9
Unarmed Combat | 4 5 6 7 9 10 12 14 15 17 18 19 21 22 23 24 25 27 | 27.0
Fighting       | 4 5 6 7 8 10 11 12 13 14 15 16 17 18 19 20 21 22 24 26 | 26.1
Shields        | 2 4 5 6 8 10 11 12 13 15 | 15.0

Action                     |  1- 3 |  4- 6 |  7- 9 | 10-12 | 13-15 | 16-18 | 19-21 | 22-24 | 25-27 || total
---------------------------+-------+-------+-------+-------+-------+-------+-------+-------+-------++-------
  Melee: Unarmed           |   139 |   176 |   426 |   589 |  1106 |   624 |  1133 |  1158 |  1895 ||  7246
         Tailslap          |    16 |    16 |    57 |   125 |   204 |    86 |   199 |   219 |   379 ||  1301
         Punch             |     1 |     3 |     2 |       |    50 |     7 |    79 |   102 |    59 ||   303
         Bite              |       |       |       |       |       |       |    73 |    80 |     9 ||   162
  Throw: Boomerang         |     2 |    16 |       |       |       |       |       |       |       ||    18
 Invoke: Berserk           |     2 |     3 |     7 |    10 |    12 |     8 |     5 |     5 |     4 ||    56
         Brothers in Arms  |       |       |     1 |     2 |     4 |     3 |     1 |     3 |     5 ||    19
         Trog's Hand       |       |       |       |     1 |     2 |     4 |     2 |    11 |     5 ||    25
Ability: Breathe Fire      |       |       |    36 |    27 |    22 |       |    14 |    20 |     1 ||   120
         Siphon Essence    |       |       |       |       |       |       |       |       |     3 ||     3
         Blinkbolt         |       |       |       |       |       |       |       |       |     5 ||     5
  Evoke: Wand              |       |       |     2 |     5 |     2 |       |     2 |       |     2 ||    13
         Condenser vane    |       |       |       |       |     1 |       |       |       |       ||     1
         Phantom mirror    |       |       |       |       |       |       |       |       |     1 ||     1
    Use: Scroll            |     1 |     2 |     4 |    11 |    10 |     6 |     9 |     5 |    15 ||    63
         Potion            |       |       |       |     4 |     3 |     1 |       |     7 |     9 ||    24
   Stab: Paralysed         |       |       |    10 |     3 |       |       |       |       |       ||    13
         Sleeping          |       |       |       |     1 |     2 |     1 |     2 |     1 |       ||     7
         Distracted        |       |       |       |     1 |       |       |       |     3 |     3 ||     7
         Petrified         |       |       |       |       |     2 |       |       |       |       ||     2
         Confused          |       |       |       |       |     1 |       |       |       |       ||     1
         Invisible         |       |       |       |       |     1 |       |       |       |       ||     1
 Armour: Skin              |    56 |   106 |   151 |   247 |   411 |   463 |   740 |   699 |   984 ||  3857
  Dodge: Dodged            |   107 |   116 |   317 |   491 |   909 |   781 |  1018 |   863 |  1253 ||  5855
         Repelled          |       |       |       |       |     1 |       |       |       |       ||     1
  Block: Buckler           |       |       |    68 |    52 |       |   337 |       |       |       ||   457
         Other             |       |       |       |       |   179 |    12 |    85 |    20 |       ||   296
         Reflection        |       |       |       |       |     4 |    60 |    49 |    37 |       ||   150
         Kite shield       |       |       |       |       |       |   167 |   709 |   100 |       ||   976
         Tower shield      |       |       |       |       |       |       |       |   477 |  1486 ||  1963
   Form: Flux              |       |       |       |     1 |     1 |       |       |       |       ||     2
         Blade             |       |       |       |       |     2 |       |     1 |       |       ||     3
         Statue            |       |       |       |       |       |     2 |     3 |     1 |     2 ||     8
                           |       |       |       |       |       |     1 |       |       |     1 ||     2
         Dragon            |       |       |       |       |       |       |     3 |     2 |     1 ||     6
         Death             |       |       |       |       |       |       |       |       |     3 ||     3
         Storm             |       |       |       |       |       |       |       |       |     2 ||     2

Table legend: (Time is in decaauts)
 A = Elapsed time spent in this place.
 B = Non-inter-level travel time spent in this place.
 C = Inter-level travel time spent in this place.
 D = Time resting spent in this place.
 E = Time spent auto-exploring this place.
 F = Levels seen in this place.
 G = Mean time per level.
                   A        B        C        D        E       F      G
               +--------+--------+--------+--------+--------+-----+--------+
         Total |  84105 |  68786 |  15319 |   6286 |  47028 |  62 | 1356.5 |
       Dungeon |  18972 |  15234 |   3738 |   1919 |  10223 |  15 | 1264.8 |
          Lair |   7994 |   6512 |   1482 |    337 |   4814 |   5 | 1598.8 |
         Swamp |   5569 |   5263 |    306 |    585 |   3637 |   4 | 1392.2 |
     Snake Pit |   8635 |   7482 |   1153 |   1252 |   4653 |   4 | 2158.8 |
    Slime Pits |   3115 |   2828 |    287 |    398 |   1881 |   5 |  623.0 |
  Orcish Mines |   1699 |   1116 |    583 |    249 |    697 |   2 |  849.5 |
   Elven Halls |   5875 |   5190 |    685 |    291 |   3775 |   3 | 1958.3 |
        Vaults |  12699 |   8927 |   3772 |   1110 |   6212 |   5 | 2539.8 |
         Crypt |   2650 |   2424 |    226 |     16 |   1719 |   3 |  883.3 |
        Depths |   6099 |   4767 |   1332 |      0 |   3665 |   4 | 1524.8 |
           Zot |   8410 |   6660 |   1750 |     72 |   4800 |   5 | 1682.0 |
         Abyss |    697 |    697 |      0 |      0 |      0 |   3 |  232.3 |
         Trove |     91 |     91 |      0 |      0 |      0 |   1 |   91.0 |
         Sewer |    502 |    502 |      0 |     10 |    322 |   1 |  502.0 |
        Bailey |    350 |    350 |      0 |      0 |    172 |   1 |  350.0 |
       Volcano |    742 |    742 |      0 |     45 |    454 |   1 |  742.0 |
               +--------+--------+--------+--------+--------+-----+--------+

Top non-repeatable levels by time:
Vaults:5: 3893 daAuts
 Snake:4: 2789 daAuts
   Zot:3: 2572 daAuts
Vaults:2: 2490 daAuts
   Elf:3: 2418 daAuts
 Snake:2: 2345 daAuts
Vaults:3: 2305 daAuts
Vaults:1: 2116 daAuts
   Elf:2: 2096 daAuts
Depths:4: 2076 daAuts
  Lair:5: 2010 daAuts
    D:10: 1992 daAuts
 Snake:1: 1955 daAuts
Vaults:4: 1893 daAuts
  Lair:3: 1856 daAuts
